 Dungeon Crawl Stone Soup version 0.31-a0-986-g5e6e4ef867 (webtiles) character file.

Game seed: 15473702164404596939

23352 bmb222 the Carver (level 13, -6/112 HPs)
             Began as a Formicid Shapeshifter on Nov 24, 2023.
             Was an Elder of Qazlal.
             Mangled by an ettin
             ... wielding a +0 dire flail
              (15 damage)
             ... on level 2 of the Orcish Mines.
             The game lasted 00:27:48 (16730 turns).

bmb222 the Carver (Formicid Shapeshifter)          Turns: 16730, Time: 00:27:49

Health: -6/112     AC: 16    Str: 24    XL:     13   Next: 34%
Magic:  0/14       EV: 17    Int: 10    God:    Qazlal [****..]
Gold:   1236       SH:  5    Dex: 13    Spells: 12/12 levels left

rFire   . . .        N - +5 long sword (freeze)
rCold   . . .        (no shield)
rNeg    . . .        Q - quicksilver dragon scales
rPois   .            (helmet unavailable)
rElec   .            O - +1 cloak {rCorr}
rCorr   +            (no gloves)
SInv    +            (no boots)
Will    ++...        m - amulet of guardian spirit
Stlth   +            D - +4 ring of slaying
HPRegen 0.38/turn    F - +5 ring of evasion
MPRegen 0.14/turn

%: repel missiles, guardian spirit
@: studying Fighting
A: permanent stasis, dig shafts and tunnels, antennae 3, four strong arms
a: Dig, Shaft Self, Renounce Religion, Upheaval, Elemental Force


You were on level 2 of the Orcish Mines.
You worshipped Qazlal.
Qazlal was greatly pleased with you.
You visited 4 branches of the dungeon, and saw 16 of its levels.
You also visited: Sewer.

You collected 1326 gold pieces.
You spent 90 gold pieces at shops.

Inventory:

Hand Weapons
 B - a +5 heavy falchion
 I - a +2 scimitar
 N - a +5 long sword of freezing (weapon)
Armour
 a - a +0 animal skin
 h - a +0 ring mail
 j - a +0 chain mail
 l - a +0 ring mail of willpower
 q - a +0 troll leather armour {Pargi}
 y - a +2 chain mail of willpower
 O - a +1 cloak of preservation (worn)
 Q - quicksilver dragon scales (worn)
Jewellery
 m - an amulet of guardian spirit (around neck)
 o - an amulet of reflection
 u - a ring of fire
 v - an amulet of faith
 D - a +4 ring of slaying (left hand)
 F - a +5 ring of evasion (right hand)
 G - a ring of flight
 J - a ring of willpower
 R - an amulet of regeneration
 S - a ring of resist corrosion
Talismans
 c - a beast talisman
 d - a flux talisman
 P - a blade talisman
Wands
 t - a wand of paralysis (8)
 A - a wand of roots (13)
 H - a wand of light (14)
Scrolls
 g - a scroll of revelation
 i - a scroll of teleportation
 p - 2 scrolls of fear
 r - 4 scrolls of enchant weapon
 s - 4 scrolls of identify
 x - a scroll of blinking
 K - 2 scrolls of torment
 L - 2 scrolls of fog
 T - a scroll of amnesia {unknown}
Potions
 b - 2 potions of lignification
 e - 3 potions of attraction
 f - 4 potions of curing
 k - a potion of cancellation
 n - a potion of heal wounds {unknown}
 w - 3 potions of magic
 z - 2 potions of mutation
 C - a potion of brilliance {unknown}
 E - a potion of haste {unknown}
 M - 2 potions of might {unknown}


   Skills:
 * Level 13.9 Fighting
 * Level 14.2 Long Blades
 * Level 11.5 Armour
 + Level 3.9 Dodging
 + Level 2.3 Shields
 - Level 3.0 Unarmed Combat
 * Level 1.7 Invocations
 + Level 1.6 Evocations
 * Level 7.1 Shapeshifting


You had 12 spell levels left.
You didn't know any spells.
Your spell library contained the following spells:

 Spells                   Type           Power      Damage    Failure   Level
 Apportation              Tloc           0%         N/A       47%         1
 Freeze                   Ice            0%         1d3       47%         1
 Necrotise                Necr           0%         1d4       47%         1
 Shock                    Conj/Air       0%         1d3       47%         1
 Sting                    Tmut/Pois      0%         1d3       47%         1
 Summon Small Mammal      Summ           0%         N/A       47%         1
 Cigotuvi's Dreadful Rot  Necr/Pois/Air  0%         N/A       63%         2
 Ensorcelled Hibernation  Hex/Ice        0%         N/A       63%         2
 Passwall                 Tmut/Erth      0%         N/A       63%         2
 Poisonous Vapours        Pois/Air       0%         N/A       63%         2
 Frozen Ramparts          Ice            0%         1d1       85%         3
 Hailstorm                Conj/Ice       0%         3d3       85%         3
 Ignite Poison            Fire/Tmut/Pois 0%         N/A       85%         3
 Ozocubu's Armour         Ice            0%         N/A       85%         3
 Vampiric Draining        Necr           0%         2d6       85%         3
 Airstrike                Air            0%         2d(0-16)  99%         4
 Manifold Assault         Tloc           0%         N/A       99%         4
 Olgreb's Toxic Radiance  Pois           0%         N/A       99%         4
 Agony                    Necr           0%         N/A       100%        5
 Freezing Cloud           Conj/Ice/Air   0%         6-21      100%        5
 Summon Forest            Summ/Tloc      0%         N/A       100%        5
 Summon Mana Viper        Hex/Summ       0%         N/A       100%        5
 Summon Cactus Giant      Summ           0%         N/A       100%        6
 Ozocubu's Refrigeration  Ice            0%         4d7       100%        7
 Maxwell's Capacitive Co  Air            0%         โˆž       100%        8
 Blink                    Tloc           Unusable   N/A       N/A         2
 Swiftness                Air            Unusable   N/A       N/A         3

Dungeon Overview and Level Annotations

Branches:
Dungeon (11/15)            Temple (1/1) D:7            Lair (2/5) D:8
    Orc (2/2) D:9           Sewer (visited)
  Swamp: Lair:2-3    Shoals: Lair:2-3     Snake: Lair:2-3    Spider: Lair:2-3
    Elf: Orc:2

Altars:
Ashenzari
Cheibriados
Dithmenos
Elyvilon
Fedhas
Gozag
Hepliaklqana
Kikubaaqudgha
Makhleb
Nemelex Xobeh
Okawaru
Qazlal
Ru
Sif Muna
Trog
Uskayaw
Vehumet
Wu Jian
Xom
Yredelemnul
Zin
The Shining One

Shops:
D:5 ?   D:8 ::

Portals:
Trove: D:11 (give +7 demon trident)

Annotations:
Temple 2 transporters


Innate Abilities, Weirdness & Mutations

You cannot be hasted, slowed, berserked, paralysed or teleported.
You can dig through walls and to a lower floor.
You have a pair of large antennae on your head. (SInv)
Your four strong arms can wield two-handed weapons with a shield.


Message History

You now have 1189 gold pieces (gained 17).
You now have 1213 gold pieces (gained 24).
You now have 1236 gold pieces (gained 23).
You sense a monster nearby.
An ettin comes into view. It is wielding two +0 dire flails.
An ettin is nearby!
An ettin is nearby!
An ettin is nearby!
The ettin hits you with a +0 dire flail! x2
You barely miss the ettin. The ettin misses you.
The ettin completely misses you.
You barely miss the ettin.
The ettin hits you with a +0 dire flail.
The ettin misses you.
You hit the ettin. You freeze the ettin.
The ettin is lightly wounded.
You hit the ettin. You freeze the ettin.
The ettin is lightly wounded.
The ettin hits you with a +0 dire flail!!
The ettin barely misses you.
You hit the ettin but do no damage.
The ettin is lightly wounded.
The ettin hits you with a +0 dire flail!!
The ettin completely misses you.
You hit the ettin but do no damage.
The ettin is lightly wounded.
You hit the ettin. You freeze the ettin.
The ettin is lightly wounded.
The ettin hits you but does no damage. The ettin closely misses you.
You hit the ettin. You freeze the ettin.
The ettin is lightly wounded.
You block the ettin's attack.
The ettin hits you with a +0 dire flail!!
* * * LOW HITPOINT WARNING * * *
The ettin is engulfed in blazing flames.
The ettin attacks as it pursues you!
The ettin hits you with a +0 dire flail!
* * * LOW HITPOINT WARNING * * *
The ettin hits you with a +0 dire flail!
You die...

..... #.... ##....
##..... #......
....ยง #.โ—‹## #..C##
##โ—‹.@###
##....######
####...P~P# .....
###.~~.### #....
#####P.~..P###....
#.##...P~####.....
###.....~P## #......
##...#########....<..
###...##
####..........


You could see an ettin.

Vanquished Creatures
  A boulder beetle (Lair:1)
  4 two-headed ogres
  Pikel (D:4)
  An orc knight (Orc:1)
  An ugly thing (D:11)
  6 elephants (Lair:1)
  Maurice (D:9)
  Joseph (D:9)
  4 black mambas
  Jeremiah (D:9)
  2 cane toads
  2 komodo dragons
  A guardian mummy (D:11)
  4 kobold demonologists (D:11)
  6 trolls
  A flying skull (D:9)
  A shadow (D:11)
  A wraith (D:9)
  A wyvern (D:9)
  2 steam dragons
  15 yaks
  5 basilisks
  4 wargs
  An acid dragon (D:8)
  A water moccasin (Lair:1)
  Pargi (Sewer)
  2 ice beasts
  A black bear (Lair:1)
  An elephant zombie (D:9)
  13 orc warriors
  An ogre (Orc:1)
  2 centaurs
  2 lemures (D:4)
  A phantom (D:4)
  7 kobold brigands
  10 bullfrogs
  5 scorpions
  3 necrophages (D:6)
  8 wights
  14 killer bees
  A howler monkey (D:6)
  A centaur zombie (D:9)
  A bullfrog zombie (D:6)
  2 gnoll boudas
  7 hounds
  A human zombie (D:9)
  11 orc priests
  6 jellies
  Jessica (D:2)
  4 scorpion zombies (D:9)
  A sleepcap (D:6)
  2 iguanas (D:6)
  27 orc wizards
  2 killer bee zombies (D:9)
  A hound zombie (D:9)
  2 howler monkey zombies (D:9)
  9 gnolls
  9 adders
  4 shadow imps
  A white imp (D:6)
  2 adder zombies (D:9)
  2 worms
  4 dart slugs
  69 orcs
  8 ball pythons
  3 bats
  7 endoplasms
  6 giant cockroaches
  3 goblins
  2 hobgoblins (D:4)
  17 kobolds
  7 quokkas
  8 frilled lizards
  9 rats
  A butterfly (D:7)
380 creatures vanquished.

Notes
Turn   | Place    | Note
-------+----------+-------------------------------------------
     0 | D:1      | bmb222 the Formicid Shapeshifter began the quest for the
                  | Orb.
     0 | D:1      | Reached XP level 1. HP: 15/15 MP: 1/1
   328 | D:1      | Reached XP level 2. HP: 21/21 MP: 2/2
   799 | D:2      | Reached skill level 1 in Armour
   806 | D:2      | Reached XP level 3. HP: 20/26 MP: 1/3
  1075 | D:2      | Reached XP level 4. HP: 28/32 MP: 4/4
  1160 | D:2      | Noticed Jessica
  1164 | D:2      | Killed Jessica
  1576 | D:3      | Reached XP level 5. HP: 28/38 MP: 5/5
  1788 | D:3      | Noticed an ogre
  2057 | D:3      | Found a basalt altar of Yredelemnul.
  3078 | D:4      | Reached XP level 6. HP: 37/46 MP: 6/6
  3082 | D:4      | Reached skill level 1 in Long Blades
  3301 | D:4      | Reached skill level 5 in Armour
  3380 | D:4      | Reached XP level 7. HP: 26/51 MP: 3/7
  3903 | D:4      | Identified a scroll of acquirement
  3903 | D:4      | Acquired a manual of Fighting
  4023 | D:5      | Identified the of Deryet
  4023 | D:5      | Entered Level 5 of the Dungeon
  4031 | D:5      | Reached skill level 2 in Long Blades
  4060 | D:5      | Found a glowing drain.
  4099 | Sewer    | Entered a sewer
  4102 | Sewer    | Noticed Pargi
  4110 | Sewer    | Killed Pargi
  4111 | Sewer    | Reached skill level 3 in Long Blades
  4319 | D:5      | Found Tasitut's Magic Scroll Boutique.
  4351 | D:5      | Bought 3 scrolls of identify for 90 gold pieces
  4374 | D:5      | Noticed Pikel
  4499 | D:4      | Killed Pikel
  4500 | D:4      | Reached skill level 5 in Fighting
  4500 | D:4      | Reached skill level 5 in Long Blades
  4500 | D:4      | Reached XP level 8. HP: 18/62 MP: 4/8
  4978 | D:5      | Reached skill level 6 in Long Blades
  5078 | D:5      | Reached XP level 9. HP: 65/69 MP: 9/9
  5548 | D:6      | Reached skill level 7 in Long Blades
  5779 | D:6      | Found a blossoming altar of Fedhas.
  5918 | D:6      | Found a broken altar of Ashenzari.
  6267 | D:7      | Found a shimmering blue altar of Sif Muna.
  6368 | D:7      | Reached skill level 8 in Long Blades
  6607 | D:7      | Found a staircase to the Ecumenical Temple.
  6762 | D:7      | Reached XP level 10. HP: 48/80 MP: 6/10
  6778 | D:7      | Noticed a two-headed ogre
  7310 | D:7      | Reached skill level 9 in Long Blades
  7374 | Temple   | Found a transporter.
  7374 | Temple   | Found a transporter.
  7374 | Temple   | Found a transporter.
  7374 | Temple   | Found a transporter.
  7374 | Temple   | Entered the Ecumenical Temple
  7393 | Temple   | Became a worshipper of Qazlal Stormbringer
  7859 | D:8      | Identified the +1 robe "Mohus" {rElec rF+ Regen+ Str-4}
  7899 | D:8      | Found a staircase to the Lair.
  8005 | D:8      | Reached * piety under Qazlal
  8007 | D:8      | Found an iron altar of Okawaru.
  8109 | D:8      | Found a glowing silver altar of Zin.
  8269 | D:8      | Found Liuvyucs's Book Shop.
  8467 | D:8      | Found Ogaycod's Book Shoppe.
  8856 | D:9      | Reached skill level 10 in Long Blades
  8942 | D:9      | Reached XP level 11. HP: 89/89 MP: 11/11
  9247 | D:9      | Reached ** piety under Qazlal
  9274 | D:9      | Found a basalt altar of Yredelemnul.
  9350 | D:9      | Noticed Joseph
  9365 | D:9      | Killed Joseph
  9366 | D:9      | Reached skill level 10 in Armour
  9366 | D:9      | Reached skill level 5 in Shapeshifting
  9460 | D:9      | Reached skill level 10 in Fighting
  9465 | D:9      | Reached skill level 11 in Long Blades
  9474 | D:9      | Found a staircase to the Orcish Mines.
  9682 | D:9      | Noticed Maurice
  9684 | D:9      | Noticed Jeremiah
  9921 | D:14     | Identified the of Hotyjoik
  9921 | Lair:1   | Entered Level 1 of the Lair of Beasts
 10438 | Lair:1   | Noticed an elephant
 10438 | Lair:1   | Noticed an elephant
 10439 | Lair:1   | Noticed an elephant
 10439 | Lair:1   | Noticed an elephant
 10439 | Lair:1   | Noticed an elephant
 10461 | Lair:1   | Killed an elephant
 10475 | Lair:1   | Killed an elephant
 10487 | Lair:1   | Killed an elephant
 10495 | Lair:1   | Killed an elephant
 10571 | Lair:1   | Killed an elephant
 10755 | Lair:1   | Reached skill level 12 in Long Blades
 10793 | Lair:1   | Noticed an elephant
 10805 | Lair:1   | Killed an elephant
 10806 | Lair:1   | Reached skill level 1 in Shields
 10957 | Lair:1   | Reached XP level 12. HP: 87/100 MP: 9/12
 11042 | Lair:1   | Noticed a boulder beetle
 11070 | Lair:1   | Killed a boulder beetle
 11568 | Lair:2   | Reached *** piety under Qazlal
 12113 | Lair:2   | Noticed a five-headed hydra
 12583 | Orc:1    | Entered Level 1 of the Orcish Mines
 12632 | D:9      | Killed Maurice
 12646 | D:9      | Killed Jeremiah
 12647 | D:9      | Reached skill level 13 in Long Blades
 12653 | D:10     | Entered Level 10 of the Dungeon
 12653 | D:10     | Noticed a two-headed ogre
 12664 | D:10     | Killed a two-headed ogre
 12898 | D:10     | Found a glowing golden altar of the Shining One.
 13160 | D:10     | Reached skill level 1 in Evocations
 14397 | D:11     | Noticed a two-headed ogre
 14407 | D:11     | Killed a two-headed ogre
 14479 | D:11     | Noticed a sea snake
 14687 | D:11     | Noticed a soul eater
 14696 | D:11     | Reached XP level 13. HP: 80/111 MP: 8/13
 14810 | D:11     | Found a portal to a secret trove of treasure.
 15926 | Orc:1    | Reached **** piety under Qazlal
 15927 | Orc:1    | Reached skill level 14 in Long Blades
 16078 | Orc:2    | Entered Level 2 of the Orcish Mines
 16269 | Orc:1    | Reached skill level 1 in Invocations
 16720 | Orc:2    | Noticed an ettin
 16730 | Orc:2    | Mangled by an ettin

Illustrated notes

Levels and vault maps discovered:
D:1:      minmay_arrival_cross, layout_basic
D:2:      cheibrodos_helix_gallery, layout_loops_ring, minmay_lizard_pond,
          uniq_jessica
D:3:      layout_basic, lemuel_round_altar, kennysheep_generic_room_15
D:4:      layout_loops_ring
D:5:      minmay_general_purpose_star, layout_gridville, serial_shops,
          nicolae_shop_crystal, mainiacjoe_sewer_entry_somewhere_in_here_1,
          minmay_misc_feat_secret_circle, uniq_pikel
D:6:      layout_loops_cross, lemuel_doored_altar, fedhas_altar_decomposition
D:7:      layout_loops_cross, nicolae_sif_muna_condensation,
          minmay_temple_entry_butterflies
D:8:      layout_cave_pods, mainiacjoe_overflow_catch_the_wave,
          erik_lair_orcish_takeover, serial_shops, nicolae_shop_crystal,
          nicolae_square_shop
D:9:      layout_basic, minmay_orc_entry_temple_small,
          roadster_capsule_ark_zombie, uniq_joseph, uniq_jeremiah, uniq_maurice
D:10:     layout_loops_ring, kennysheep_little_box
D:11:     layout_loops_ring, serial_aquarium, aquarium_bridge_island_small
          [aquarium_subvault_small_open, aquarium_subvault_window,
          aquarium_subvault_bridge, aquarium_subvault_wall,
          aquarium_subvault_bridge], aquarium_window_2, aquarium_window_double,
          aquarium_window_1, aquarium_window_fake, aquarium_view_2c,
          aquarium_view_2d, aquarium_pool_side, nicolae_trove_entry_path_of_doom
Temple:   hellmonk_temple_divided_pantheon
Lair:1:   layout_regular_city
Lair:2:   layout_chaotic_city, alex1729_snake_entry_snake, serial_bayou_pond_a
Orc:1:    layout_caves
Orc:2:    grunt_orc_community_town_hall, layout_caves,
          grunt_orc_community_big_house_1, grunt_orc_community_big_house_2,
          grunt_orc_community_house_2, grunt_orc_community_house_1,
          grunt_orc_community_house_3, grunt_orc_community_house_2,
          nicolae_orc_damp_corner

Skill      XL: |  1  2  3  4  5  6  7  8  9 10 11 12 13 |
---------------+----------------------------------------+-----
Armour         | 1 2 3 4 5 6 8 9 10 11 | 11.5
Shapeshifting  | 4 5 6 7 |  7.1
Dodging        | 2 3 |  3.9
Fighting       | 2 5 6 7 9 11 13 | 13.9
Long Blades    | 1 5 6 8 10 12 13 14 | 14.2
Shields        | 1 2 |  2.3
Evocations     | 1 |  1.6
Invocations    | 1 |  1.7
Unarmed Combat | |  3.0

Action                     |  1- 3 |  4- 6 |  7- 9 | 10-12 | 13-15 || total
---------------------------+-------+-------+-------+-------+-------++-------
  Melee: Unarmed           |    78 |   107 |       |       |       ||   185
         Falchion          |       |    49 |   261 |   150 |       ||   460
         Punch             |       |     2 |     8 |    12 |     2 ||    24
         Long sword        |       |       |       |   440 |   153 ||   593
 Invoke: Elemental Force   |       |       |       |     1 |       ||     1
Ability: Dig               |       |       |     1 |       |       ||     1
  Evoke: Wand              |       |     3 |       |    15 |       ||    18
    Use: Scroll            |       |       |    15 |     3 |       ||    18
         Potion            |       |       |       |     2 |       ||     2
   Stab: Paralysed         |       |       |       |     4 |       ||     4
 Armour: Ring mail         |    35 |    28 |       |       |       ||    63
         Animal skin       |     2 |       |       |       |       ||     2
         Chain mail        |    10 |    72 |   182 |   272 |       ||   536
         Quicksilver drago |       |       |       |   108 |    94 ||   202
  Dodge: Dodged            |    38 |    57 |   115 |   442 |   126 ||   778
         Repelled          |       |       |       |       |     1 ||     1
  Block: Other             |       |       |       |    41 |    33 ||    74
   Form: Beast             |       |       |     1 |     1 |       ||     2
         Flux              |       |       |     1 |       |       ||     1
                           |       |       |       |     2 |       ||     2

Table legend: (Time is in decaauts)
 A = Elapsed time spent in this place.
 B = Non-inter-level travel time spent in this place.
 C = Inter-level travel time spent in this place.
 D = Time resting spent in this place.
 E = Time spent auto-exploring this place.
 F = Levels seen in this place.
 G = Mean time per level.
                   A        B        C        D        E       F      G
               +--------+--------+--------+--------+--------+-----+--------+
         Total |  16680 |  16209 |    471 |   4380 |   8506 |  17 |  981.2 |
       Dungeon |  12734 |  12299 |    435 |   3104 |   6658 |  11 | 1157.6 |
        Temple |     38 |     38 |      0 |      0 |      0 |   1 |   38.0 |
          Lair |   2550 |   2530 |     20 |    888 |   1141 |   2 | 1275.0 |
  Orcish Mines |   1150 |   1136 |     14 |    376 |    586 |   2 |  575.0 |
         Sewer |    206 |    206 |      0 |     12 |    121 |   1 |  206.0 |
               +--------+--------+--------+--------+--------+-----+--------+

Top non-repeatable levels by time:
  Lair:1: 1849 daAuts
    D:11: 1804 daAuts
     D:4: 1571 daAuts
     D:6: 1394 daAuts
     D:8: 1350 daAuts
     D:3: 1318 daAuts
     D:9: 1057 daAuts
    D:10: 1005 daAuts
     D:7: 988 daAuts
   Orc:1: 942 daAuts
     D:2: 765 daAuts
     D:5: 743 daAuts
     D:1: 734 daAuts
  Lair:2: 700 daAuts
   Orc:2: 208 daAuts
